 Dungeon Crawl Stone Soup version 0.24-a0-459-g225fefd530 (webtiles) character file.

Game seed: 11894290539656912420

620 Inarius the Chopper (level 7, -3/52 HPs)
             Began as a Demonspawn Hunter on June 29, 2019.
             Slain by Joseph
             ... wielding a +0 quarterstaff
              (4 damage)
             ... on level 7 of the Dungeon.
             The game lasted 00:08:29 (4862 turns).

Inarius the Chopper (Demonspawn Hunter)             Turns: 4862, Time: 00:08:30

Health: -3/52      AC: 10    Str: 19    XL:     7   Next: 22%
Magic:  7/7        EV: 15    Int: 12    God:
Gold:   213        SH:  2    Dex: 15    Spells: 6/6 levels left

rFire    . . .     SeeInvis .   h - +0 war axe
rCold    + + .     Gourm    .   (no shield)
rNeg     . . .     Faith    .   u - +0 chain mail
rPois    .         Spirit   .   (no helmet)
rElec    .         Reflect  +   g - +0 cloak
rCorr    .         Harm     .   (no gloves)
MR       .....                  (no boots)
Stlth    +.........             j - +2 amulet of reflection
HPRegen  0.17/turn              t - +4 ring of strength (curse)
MPRegen  0.10/turn              a - -3 ring of dexterity (curse)

@: agile, lethally poisoned (-3 -> -5)
A: cold resistance 2, shaggy fur 1, sturdy frame 2
a: no special abilities


You were on level 7 of the Dungeon.
You were not hungry.

You visited 1 branch of the dungeon, and saw 5 of its levels.

You collected 213 gold pieces.

Inventory:

Hand Weapons
 h - a +0 war axe (weapon)
Missiles
 c - 6 javelins
 d - a throwing net
 p - 11 boomerangs (quivered)
Armour
 e - a +2 leather armour of fire resistance
 g - a +0 cloak (worn)
 n - a +0 scale mail
 u - a +0 chain mail (worn)
Jewellery
 a - a cursed -3 ring of dexterity (right hand)
 j - a +2 amulet of reflection (around neck)
 q - an uncursed ring of protection from magic
 t - a cursed +4 ring of strength (left hand)
Scrolls
 i - a scroll of blinking
 m - 2 scrolls of identify
 o - 2 scrolls of magic mapping
 s - 2 scrolls of amnesia
Potions
 k - a potion of mutation
Comestibles
 f - 7 rations


   Skills:
 + Level 3.3 Fighting
   Level 0.3 Short Blades
 * Level 4.9 Axes
 + Level 4.4 Throwing
 + Level 2.0 Armour
 + Level 2.6 Dodging
 + Level 1.3 Stealth


You had 6 spell levels left.
You didn't know any spells.
Your spell library was empty.

Dungeon Overview and Level Annotations

Branches:
Dungeon (4/15)
 Temple: D:4-7

Altars:
Cheibriados
Yredelemnul

Annotations:
D:7 Harold, Joseph


Innate Abilities, Weirdness & Mutations

Your flesh is very cold resistant. (rC++)
Your movements are less encumbered by armour. (ER -4)
You are covered in fur. (AC +1)


Message History

Joseph wields a +0 quarterstaff.
Joseph hits you with a +0 quarterstaff!
Unknown command.
Unknown command.
Unknown command.
Okay, then.
Unknown command.
Okay, then.
You feel sick. Joseph hits you with a +0 quarterstaff!
* * * LOW HITPOINT WARNING * * *
Unknown command.
Joseph hits you with a +0 quarterstaff!
* * * LOW HITPOINT WARNING * * *
A worker ant comes into view.
Unknown command.
Unknown command.
Okay, then.
It was a potion of agility.
You feel agile all of a sudden. Joseph hits you with a +0 quarterstaff.
You die...

.##... .##.. ...
.#... ....##.. ....
. ......## ...
..###...... ..
..($......# ####.#
..........###.@#.##
.........yS.y.a@..#
.....Z.@.####.###..#
.......Z.# ##. ..#
.......@..# . .#
#...$....## .. .#
...y.....# .. .#
..###..(.. ..# . .
...... ........


You could see Joseph, a worker ant, 2 killer bees and an adder.

Vanquished Creatures
  A phantom (D:4)
  An ogre (D:4)
  A howler monkey (D:4)
  3 orc priests
  A hound (D:3)
  3 orc wizards (D:3)
  An iguana (D:4)
  6 adders
  2 oozes (D:2)
  3 worms
  2 dart slugs
  2 leopard geckos
  21 orcs
  4 ball pythons
  3 giant cockroaches
  8 hobgoblins
  5 jackals
  9 bats
  5 frilled lizards
  9 goblins
  6 kobolds
  5 rats
101 creatures vanquished.

Notes
Turn   | Place    | Note
-------+----------+-------------------------------------------
     0 | D:1      | Inarius the Demonspawn Hunter began the quest for the Orb.
     0 | D:1      | Reached XP level 1. HP: 16/16 MP: 1/1
   311 | D:1      | Gained mutation: Your flesh is cold resistant. (rC+)
                  | [demonic ancestry]
   311 | D:1      | Reached XP level 2. HP: 18/22 MP: 2/2
  1114 | D:2      | Gained mutation: Your movements are slightly less
                  | encumbered by armour. (ER -2) [demonic ancestry]
  1114 | D:2      | Reached XP level 3. HP: 20/27 MP: 3/3
  1336 | D:2      | Reached skill level 1 in Axes
  1561 | D:2      | Gained mutation: You are covered in fur. (AC +1) [potion of
                  | mutation]
  1561 | D:2      | Gained mutation: Your flesh is very cold resistant. (rC++)
                  | [potion of mutation]
  1576 | D:2      | Found a basalt altar of Yredelemnul.
  1577 | D:2      | Found a snail-covered altar of Cheibriados.
  1880 | D:3      | Reached XP level 4. HP: 25/33 MP: 4/4
  2209 | D:3      | Reached skill level 1 in Armour
  2228 | D:3      | HP: 1/33 [something/puff of flame (6)]
  2232 | D:3      | Reached XP level 5. HP: 32/38 MP: 5/5
  2590 | D:3      | Reached skill level 1 in Stealth
  2965 | D:3      | Found a faded altar of an unknown god.
  3026 | D:3      | Reached XP level 6. HP: 17/46 MP: 6/6
  3029 | D:3      | HP: 2/46 [orc priest/+0 trident (3)]
  4530 | D:4      | Gained mutation: Your movements are less encumbered by
                  | armour. (ER -4) [demonic ancestry]
  4530 | D:4      | Reached XP level 7. HP: 28/52 MP: 7/7
  4855 | D:4      | You fall into a shaft and drop 3 floors!
  4855 | D:7      | Noticed Harold
  4855 | D:7      | Noticed Joseph
  4861 | D:7      | HP: 1/52 [Joseph/+0 quarterstaff (13)]
  4862 | D:7      | Slain by Joseph

Levels and vault maps discovered:
D:1:      roderic_crossed_star, layout_basic, minmay_tromino_v4_a
D:2:      layout_rooms, minitemple
D:3:      layout_basic, chequers_ecumenical_altar_island, minmay_between
D:4:      layout_loops_ring, serial_shops, nicolae_shop_overgrown_old_shop,
          first_ration
D:7:      layout_cave_pools, uniq_harold, uniq_duvessa, uniq_joseph

Skill      XL: |  1  2  3  4  5  6 |
---------------+-------------------+-----
Throwing       | 4 |  4.4
Dodging        | 2 |  2.6
Axes           | 1 2 3 4 |  4.9
Armour         | 1 2 |  2.0
Stealth        | 1 |  1.3
Fighting       | 3 |  3.3
Short Blades   | |  0.3

Action                   |  1- 3 |  4- 6 |  7- 9 || total
-------------------------+-------+-------+-------++-------
Melee: Short sword       |    39 |       |       ||    39
       Hand axe          |   153 |     6 |       ||   159
       War axe           |       |   189 |     9 ||   198
Throw: Boomerang         |     3 |    35 |       ||    38
       Throwing net      |       |     3 |       ||     3
  Use: Potion            |     2 |     5 |     1 ||     8
       Scroll            |     1 |     4 |     1 ||     6
 Stab: Held in net/web   |       |     3 |       ||     3
  Eat: Chunk             |     3 |     9 |     1 ||    13
Armor: Ring mail         |   105 |    25 |       ||   130
       Scale mail        |       |    17 |       ||    17
       Leather armour    |       |    15 |       ||    15
       Chain mail        |       |       |     7 ||     7
Dodge: Dodged            |   152 |   105 |     5 ||   262
Block: Other             |     4 |    20 |       ||    24
       Reflection        |       |     1 |       ||     1

Table legend:
 A = Non-vault XP
 B = Vault XP
 C = Vault XP percentage of total XP
 D = Non-vault monster count
 E = Vault monster count
 F = Vault count percentage of total count
                 A         B        C        D         E       F
            +---------+---------+-------+---------+---------+-------
      Total |     830 |      56 |   6.3 |      93 |       8 |   7.9
            +---------+---------+-------+---------+---------+-------
        D:1 |      34 |       4 |  10.5 |      19 |       3 |  13.6
        D:2 |      53 |       0 |   0.0 |      19 |       0 |   0.0
        D:3 |     340 |      52 |  13.3 |      43 |       5 |  10.4
        D:4 |     403 |       0 |   0.0 |      12 |       0 |   0.0
            +---------+---------+-------+---------+---------+-------
